 Dungeon Crawl Stone Soup version 0.26-a0-631-ged93497179 (webtiles) character file.

Game seed: 18175448452042223224

625 Drevant2 the Changer (level 7, -1/48 HPs)
             Began as a Demonspawn Transmuter on Sept 12, 2020.
             Slain by a killer bee (4 damage)
             ... on level 4 of the Dungeon.
             The game lasted 00:13:47 (5633 turns).

Drevant2 the Changer (Demonspawn Transmuter)        Turns: 5633, Time: 00:13:48

Health: -1/48      AC:  5    Str: 12    XL:     7   Next: 23%
Magic:  0/10       EV: 12    Int: 15    God:
Gold:   211        SH:  0    Dex: 13    Spells: 9/10 levels left

rFire    . . .     SeeInvis .     - Unarmed
rCold    . . .     Faith    .   (no shield)
rNeg     . . .     Spirit   +   a - +1 robe
rPois    .         Reflect  .   (helmet currently unavailable)
rElec    .         Harm     .   (no cloak)
rCorr    .         Rampage  .   (no gloves)
MR       +....                  (boots currently unavailable)
Stlth    ++........             (no amulet)
HPRegen  0.16/turn              i - ring of protection from magic
MPRegen  0.24/turn              h - ring of stealth

@: brilliant, appendages (expiring)
A: horns 2, talons 2, icy blue scales 1, sense surroundings 1, spiny 1, magic
shield, magic regeneration, magic link
a: End Transformation


You were on level 4 of the Dungeon.
You had grown temporary horns.
You had grown temporary talons.
You visited 1 branch of the dungeon, and saw 4 of its levels.
You also visited: Sewer.

You collected 211 gold pieces.

Inventory:

Armour
 a - a +1 robe (worn)
 s - a +2 leather armour of magic resistance
Jewellery
 f - an uncursed ring of ice
 h - a ring of stealth (right hand)
 i - a ring of protection from magic (left hand)
 l - a +6 ring of dexterity {unknown}
 p - a cursed amulet of inaccuracy {unknown}
Scrolls
 c - a scroll of blinking {unknown}
 d - a scroll of fear {unknown}
 e - a scroll of enchant armour
 g - 6 scrolls of identify
 k - a scroll of remove curse
 m - a scroll of teleportation {unknown}
 n - 2 scrolls of magic mapping
 o - a scroll of random uselessness


   Skills:
 - Level 1.0 Fighting
 - Level 1.7 Dodging
 + Level 4.8 Unarmed Combat
 - Level 2.0 Spellcasting
 * Level 6.1 Transmutations


You had 9 spell levels left.
You knew the following spells:

 Your Spells              Type           Power        Failure   Level
a - Beastly Appendage     Tmut           ####..       1%          1

Your spell library contained the following spells:

 Spells                   Type           Power        Failure   Level
 Wereblood                Tmut           ####....     2%          2
 Spider Form              Tmut/Pois      ###.......   19%         3
 Blade Hands              Tmut           ####......   43%         5
 Ice Form                 Ice/Tmut       ###.....     52%         4


Dungeon Overview and Level Annotations

Branches:
Dungeon (4/15)              Sewer (visited)
 Temple: D:4-7

Altars:
Fedhas
Hepliaklqana
Ru

Annotations:
D:4 Blork the orc


Innate Abilities, Weirdness & Mutations

You are partially covered in icy blue scales. (AC +2)
You are partially covered in sharp spines.
When hurt, damage is shared between your health and your magic reserves.
You regenerate magic rapidly.
When low on magic, you restore magic in place of health.
You have a pair of horns on your head.
You have razor-sharp toenails.
You passively map a small area around you.


Message History

The killer bee is struck by your spines.
The killer bee stings you but does no damage.
The killer bee stings you.
* * * LOW HITPOINT WARNING * * *
As you read the scroll labeled ROEDDE TOOPIYT, it crumbles to dust.
You feel blessed for a moment.
It was a scroll of remove curse.
The killer bee stings you.
* * * LOW HITPOINT WARNING * * *
The killer bee is struck by your spines.
The killer bee closely misses you.
As you read the scroll labeled CAWED ZOWI, it crumbles to dust.
It is a scroll of enchant armour.
Your +0 robe glows green for a moment.
The killer bee stings you!
* * * LOW HITPOINT WARNING * * *
The killer bee stings you.
* * * LOW HITPOINT WARNING * * *
As you read the scroll labeled UNTIDI GYFI, it crumbles to dust.
The scroll dissolves into smoke.
It was a scroll of fog.
The killer bee stings you.
You die...

* , * *
###.#######
,
.....yy@§§#
* **
.##.#####§#
,*####.####
, #.......#
* *
#.##.##.# ,
#.##.##.#
#.#...#.# *
*#######
#.....#.#
#.....#
#.....#.#


You could see 2 killer bees.

Vanquished Creatures
  A bullfrog (Sewer)
  2 killer bees (D:4)
  A howler monkey (D:4)
  An orc wizard (D:4)
  Terence (D:2)
  Natasha (D:4)
  2 worker ants (D:4)
  Robin (D:4)
  A howler monkey skeleton (D:4)
  10 adders
  7 oozes (Sewer)
  An adder skeleton (D:4)
  A dart slug (D:2)
  14 leopard geckos
  6 orcs
  18 giant cockroaches
  16 goblins
  8 hobgoblins
  9 jackals
  4 kobolds
  A quokka (D:2)
  16 ball pythons (Sewer)
  6 bats
  14 frilled lizards
  12 rats
154 creatures vanquished.

Notes
Turn   | Place    | Note
-------+----------+-------------------------------------------
     0 | D:1      | Drevant2 the Demonspawn Transmuter began the quest for the
                  | Orb.
     0 | D:1      | Reached XP level 1. HP: 15/15 MP: 3/3
    65 | D:1      | Reached skill level 2 in Transmutations
   158 | D:1      | Gained mutation: When hurt, damage is shared between your
                  | health and your magic reserves. [demonic ancestry]
   158 | D:1      | Reached XP level 2. HP: 10/21 MP: 3/5
  1559 | D:2      | Gained mutation: You are partially covered in sharp spines.
                  | [demonic ancestry]
  1559 | D:2      | Reached XP level 3. HP: 26/26 MP: 6/6
  1801 | D:2      | Reached skill level 3 in Transmutations
  1823 | D:2      | Noticed Terence
  1867 | D:2      | Killed Terence
  2277 | D:2      | Gained mutation: You regenerate magic rapidly. [demonic
                  | ancestry]
  2277 | D:2      | Reached XP level 4. HP: 28/32 MP: 5/7
  2310 | D:2      | Found a sacrificial altar of Ru.
  2431 | D:3      | Found a glowing drain.
  2450 | Sewer    | Entered a sewer
  2561 | Sewer    | Reached skill level 4 in Transmutations
  2926 | Sewer    | Gained mutation: You are partially covered in icy blue
                  | scales. (AC +2) [demonic ancestry]
  2926 | Sewer    | Reached XP level 5. HP: 31/37 MP: 5/8
  3616 | Sewer    | Reached skill level 5 in Transmutations
  3616 | Sewer    | Gained mutation: When low on magic, you restore magic in
                  | place of health. [demonic ancestry]
  3616 | Sewer    | Reached XP level 6. HP: 12/43 MP: 3/9
  4610 | D:3      | Noticed an orc warrior
  4662 | D:4      | Noticed Blork the orc
  4907 | D:4      | Noticed Natasha
  4914 | D:4      | Noticed Robin
  4947 | D:4      | Killed Robin
  4955 | D:4      | Killed Natasha
  5052 | D:4      | Found a hazy altar of Hepliaklqana.
  5082 | D:4      | Found a blossoming altar of Fedhas.
  5164 | D:4      | Reached XP level 7. HP: 21/48 MP: 5/10
  5621 | D:4      | Reached skill level 6 in Transmutations
  5626 | D:4      | Gained mutation: You passively map a small area around you.
                  | [potion of mutation]
  5633 | D:4      | Slain by a killer bee

Illustrated notes

Levels and vault maps discovered:
D:1:      minmay_arrival_glassed_features, layout_basic,
          hangedman_feature_mirror
D:2:      layout_basic, nicolae_overflow_hidden_temple, marbit_many_paths,
          uniq_terence
D:3:      layout_loops_corners, gup_sewer_entry_pipe
D:4:      layout_loops_cross, fedhas_altar_2, kennysheep_mini_moat,
          ebering_ghost_rock_garden, uniq_natasha, uniq_blork_the_orc,
          uniq_robin

Skill      XL: |  1  2  3  4  5  6  7 |
---------------+----------------------+-----
Transmutations | 2 3 4 5 6 |  6.1
Unarmed Combat | 3 4 |  4.8
Fighting       | |  1.0
Dodging        | |  1.7
Spellcasting   | |  2.0

Action                   |  1- 3 |  4- 6 |  7- 9 || total
-------------------------+-------+-------+-------++-------
Melee: Unarmed           |   121 |   204 |    23 ||   348
       Kick              |    17 |    37 |     4 ||    58
       Headbutt          |     7 |    17 |     2 ||    26
       Punch             |     1 |     2 |       ||     3
 Cast: Beastly Appendage |    16 |    25 |     3 ||    44
  Use: Potion            |       |     2 |     3 ||     5
       Scroll            |       |       |     5 ||     5
 Stab: Sleeping          |     2 |     6 |       ||     8
Armor: Robe              |    17 |    37 |     5 ||    59
Dodge: Dodged            |    85 |   114 |    21 ||   220

Table legend: (Time is in decaauts)
 A = Elapsed time spent in this place.
 B = Non-inter-level travel time spent in this place.
 C = Inter-level travel time spent in this place.
 D = Time resting spent in this place.
 E = Time spent auto-exploring this place.
 F = Levels seen in this place.
 G = Mean time per level.
                   A        B        C        D        E       F      G
               +--------+--------+--------+--------+--------+-----+--------+
         Total |   5745 |   5415 |    330 |   2261 |   2072 |   5 | 1149.0 |
       Dungeon |   3998 |   3668 |    330 |   1173 |   1839 |   4 |  999.5 |
         Sewer |   1746 |   1746 |      0 |   1088 |    232 |   1 | 1746.0 |
               +--------+--------+--------+--------+--------+-----+--------+

Top non-repeatable levels by time:
   Sewer: 1746 daAuts
     D:1: 1478 daAuts
     D:4: 967 daAuts
     D:2: 892 daAuts
     D:3: 660 daAuts
